[Event "121st Swiss Championship 2022"]
[Site "Samnaun-Compatsch"]
[Date "2022.07.08"]
[Round "6.1"]
[White "Pavlovic, Milos"]
[Black "Rohrer, Christophe"]
[Result "1/2-1/2"]
[ECO "E05"]
[WhiteElo "2461"]
[BlackElo "2246"]
[Annotator "TA"]
[PlyCount "71"]
[EventDate "2022.06.28"]
[EventType "swiss"]
[EventCountry "SUI"]
[SourceTitle "playchess.com"]
[Source "ChessBase"]
[SourceQuality "1"]
[TimeControl "40/5400+30:1800+30"]

1. Nf3 Nf6 2. g3 d5 3. Bg2 e6 4. O-O Be7 5. d4 O-O 6. c4 dxc4 7. Qc2 a6 8. Qxc4 b5 9. Qc2 Bb7 10. Bg5 Nbd7 11. Bxf6 Nxf6 12. Nbd2 Rc8 13. Nb3 c5 14. dxc5 Bd5 15. Rfd1 Bxb3 {[%emt 0:05:06][%mdl 64] [#] Remove Defender} (15... a5 {is interesting.} 16. a4 bxa4 17. Rxa4 Qb6) 16. axb3 (16. Qxb3 {with more complications.} Qc7 17. e3 Bxc5 18. a4) 16... Rxc5 17. Qxc5 Bxc5 18. Rxd8 Rxd8 19. Ne5 Rd6 (19... Bd4 $11 20. Nd3 e5) 20. Bb7 $14 Rb6 21. Bxa6 Bd6 22. Nf3 Ne8 23. Bc8 Nc7 24. Bd7 Kf8 {[%emt 0:01:02] [#] Hoping for ...Ke7.} 25. Rc1 Ke7 26. Bc6 Na6 27. Be4 f5 28. Bb1 Nc5 29. Nd4 g6 {[%emt 0:00:42] The position is equal.} 30. b4 Na6 31. Rc6 Rxc6 32. Nxc6+ Kd7 33. Nd4 Be5 34. Bd3 Nxb4 35. Bxb5+ Kd6 36. Nf3 {[%emt 0:00:34] Weighted Error Value: White=0.05 (flawless) /Black=0.07 (flawless)} 1/2-1/2

[Event "121st Swiss Championship 2022"]
[Site "Samnaun-Compatsch"]
[Date "2022.07.08"]
[Round "6.2"]
[White "Baenziger, Fabian"]
[Black "Pogan, Nikolas"]
[Result "1-0"]
[ECO "D11"]
[WhiteElo "2451"]
[BlackElo "2226"]
[Annotator "TA"]
[PlyCount "53"]
[EventDate "2022.06.28"]
[EventType "swiss"]
[EventCountry "SUI"]
[SourceTitle "playchess.com"]
[Source "ChessBase"]
[SourceQuality "1"]
[TimeControl "40/5400+30:1800+30"]

1. d4 d5 2. c4 c6 3. Nf3 Nf6 4. e3 a6 5. Bd3 g6 6. O-O {[%emt 0:02:19] D11: Slav Defence: 3 Nf3 sidelines and 3...Nf6 4 e3 Bg4.} Bf5 7. Nc3 e6 8. b3 {[%emt 0:05:27] White is slightly better.} Bb4 9. Bb2 Nbd7 {[%emt 0:01:20] [#]} 10. Rc1 $146 ({Predecessor:} 10. Ne2 Bd6 11. Ne5 Qc7 12. f4 Bxd3 13. Qxd3 Ne4 14. Nxd7 Qxd7 15. Nc3 f5 16. Nxe4 fxe4 {0-1 (39) Li,D (2479)-Van Foreest,J (2616) Tarvisio 2017}) 10... O-O 11. Qe2 Re8 12. Nd2 Bxd3 13. Qxd3 e5 14. cxd5 Bxc3 15. Qxc3 Nxd5 16. Qc2 Qe7 (16... exd4 $11 17. Bxd4 Nb4) 17. dxe5 $16 Nxe5 18. Nc4 f6 19. Nxe5 fxe5 20. e4 Nf4 21. g3 $36 {[%emt 0:00:18][%cal Bg2g3,Bg3f4,Bf4f5][%mdl 2080] White is on the roll.} Qg5 (21... Nh3+ $16 {keeps fighting.} 22. Kg2 Ng5) 22. Kh1 $18 Qh5 {[%emt 0:09:26] [#] ( -> ...Qf3+)} 23. f3 $1 ({Weaker is} 23. gxf4 Qf3+ 24. Kg1 Qg4+ 25. Kh1 Qf3+ 26. Kg1 Qg4+ 27. Kh1 Qf3+ $11) 23... Ne6 {[%emt 0:00:09] [#]} 24. f4 $1 ({Resist} 24. Qc3 $6 Rad8 $16) 24... exf4 $2 (24... Nd4 25. Qc4+ Kh8) 25. gxf4 Rad8 $2 (25... Qc5 26. Qxc5 Nxc5) 26. f5 Ng5 (26... Qg4 $18 27. fxe6 Rxe6) 27. Qc3 {[%emt 0:02:45] Weighted Error Value: White=0.15 (very precise) /Black=0.73} 1-0

[Event "121st Swiss Championship 2022"]
[Site "Samnaun-Compatsch"]
[Date "2022.07.08"]
[Round "6.3"]
[White "Schlegel, Igor"]
[Black "Gallagher, Joseph G."]
[Result "1/2-1/2"]
[ECO "B40"]
[WhiteElo "2194"]
[BlackElo "2447"]
[Annotator "RC"]
[PlyCount "147"]
[EventDate "2022.06.28"]
[EventType "swiss"]
[EventCountry "SUI"]
[SourceTitle "playchess.com"]
[Source "ChessBase"]
[SourceQuality "1"]
[TimeControl "40/5400+30:1800+30"]

1. e4 c5 2. Nf3 e6 3. g3 Nc6 4. Bg2 Nf6 5. Qe2 e5 6. O-O Be7 7. Nc3 O-O 8. Nd5 d6 9. c3 h6 10. d3 Re8 11. a4 Bf8 12. Qc2 Nxd5 13. exd5 Ne7 14. Qb3 Qc7 15. Qc4 a5 16. Nd2 Bf5 17. Rd1 Bg6 18. Qb5 Bh5 19. Re1 f6 20. Nc4 Bf7 21. Ne3 Reb8 22. Qc4 Qd7 23. f4 Nc8 24. Rf1 b5 25. axb5 Nb6 26. Qe4 Qxb5 27. fxe5 dxe5 28. Qf5 Qd7 29. Qxd7 Nxd7 30. Nc4 Nb6 31. Nxb6 Rxb6 32. Ra2 Rb3 33. Be4 Bd6 34. Kf2 f5 35. Bxf5 Bxd5 36. Be4 Bxe4 37. dxe4 a4 38. Rd1 Ra6 39. Ke2 c4 40. Kd2 Kf7 41. Kc2 Ke6 42. Rd5 Rb7 43. Be3 Rf7 44. Ra1 Rf3 45. Bg1 h5 46. Rad1 h4 47. Bc5 Bxc5 48. Rxc5 Rd6 49. gxh4 Rf2+ 50. Kc1 Rxd1+ 51. Kxd1 Rxb2 52. Rxc4 a3 53. Kc1 Rxh2 54. Kb1 Rxh4 55. Ka2 g5 56. Kxa3 g4 57. Rc8 Kf7 58. Rc7+ Kf6 59. Rc8 Kg5 60. c4 g3 61. Rg8+ Kf4 62. c5 Rh1 63. Kb4 Kf3 64. Kc4 g2 65. Kd5 g1=Q 66. Rxg1 Rxg1 67. Kxe5 Rg5+ 68. Kd4 Kf4 69. c6 Rg1 70. Kd5 Rc1 71. Kd6 Kxe4 72. c7 Kf5 73. Kd7 Rxc7+ 74. Kxc7 1/2-1/2

[Event "121st Swiss Championship 2022"]
[Site "Samnaun-Compatsch"]
[Date "2022.07.08"]
[Round "6.4"]
[White "Gschnitzer, Adrian"]
[Black "Gaehwiler, Gabriel"]
[Result "1/2-1/2"]
[ECO "C24"]
[WhiteElo "2433"]
[BlackElo "2420"]
[Annotator "TA"]
[PlyCount "26"]
[EventDate "2022.06.28"]
[EventType "swiss"]
[EventCountry "SUI"]
[SourceTitle "playchess.com"]
[Source "ChessBase"]
[SourceQuality "1"]
[TimeControl "40/5400+30:1800+30"]

1. e4 e5 2. Bc4 Nf6 3. d3 c6 4. Nf3 d5 5. Bb3 Bd6 6. O-O dxe4 {[%emt 0:09:25] The position is equal. C24: Bishop's Opening: 2...Nf6.} 7. Ng5 O-O 8. Nxe4 Nxe4 9. dxe4 Qe7 {[%emt 0:00:32] [#]} 10. Be3 $146 ({Predecessor:} 10. Nd2 Nd7 11. Nc4 Bc7 12. f4 b5 13. Nxe5 Nxe5 14. fxe5 Bxe5 15. Qh5 g6 16. Qh6 {½-½ (35) Hebden,M (2560)-Fernandez,D (2381) Hastings 2014}) 10... Be6 11. Nd2 Nd7 12. Bxe6 Qxe6 13. Nb3 Qe7 {[%emt 0:05:28] A balanced but interesting game.  Weighted Error Value: White=0.07 (flawless) /Black=0.10 (very precise)} 1/2-1/2

[Event "121st Swiss Championship 2022"]
[Site "Samnaun-Compatsch"]
[Date "2022.07.08"]
[Round "6.5"]
[White "Fecker, Noah"]
[Black "Lou, Vincent"]
[Result "1/2-1/2"]
[ECO "B25"]
[WhiteElo "2387"]
[BlackElo "2200"]
[Annotator "RC"]
[PlyCount "88"]
[EventDate "2022.06.28"]
[EventType "swiss"]
[EventCountry "SUI"]
[SourceTitle "playchess.com"]
[Source "ChessBase"]
[SourceQuality "1"]
[TimeControl "40/5400+30:1800+30"]

1. e4 c5 2. Nc3 a6 3. g3 Nc6 4. Bg2 g6 5. f4 Bg7 6. Nf3 d6 7. O-O Nf6 8. d3 O-O 9. h3 Rb8 10. g4 b5 11. Qe1 Bb7 12. Be3 b4 13. Ne2 Nd7 14. Rb1 e6 15. Ng3 d5 16. e5 Qe7 17. Qf2 Rbc8 18. Rbe1 Rfe8 19. Kh1 a5 20. h4 d4 21. Bd2 f5 22. gxf5 gxf5 23. Rg1 Kh8 24. Ng5 h6 25. Nf3 Rg8 26. Kh2 Nd8 27. Bh3 Qf7 28. Rg2 Bf8 29. Reg1 Be7 30. c4 Nc6 31. Qe2 Qh7 32. Be1 Rcf8 33. Rh1 Nd8 34. Kg1 Rg7 35. Kf1 Kg8 36. Rhg1 Kf7 37. Nh5 Rxg2 38. Bxg2 Rg8 39. Nh2 Bxg2+ 40. Rxg2 Rxg2 41. Qxg2 Qg6 42. Qf3 a4 43. b3 Nb6 44. Ng3 a3 1/2-1/2

[Event "121st Swiss Championship 2022"]
[Site "Samnaun-Compatsch"]
[Date "2022.07.08"]
[Round "6.6"]
[White "Salzgeber, Frank"]
[Black "Loeffler, Markus"]
[Result "0-1"]
[ECO "E54"]
[WhiteElo "2131"]
[BlackElo "2278"]
[Annotator "RC"]
[PlyCount "76"]
[EventDate "2022.06.28"]
[EventType "swiss"]
[EventCountry "SUI"]
[SourceTitle "playchess.com"]
[Source "ChessBase"]
[SourceQuality "1"]
[TimeControl "40/5400+30:1800+30"]

1. d4 Nf6 2. c4 e6 3. Nc3 Bb4 4. e3 O-O 5. Bd3 d5 6. Nf3 dxc4 7. Bxc4 c5 8. O-O cxd4 9. exd4 b6 10. Bg5 Bb7 11. Ne5 Nbd7 12. Nxd7 Qxd7 13. Bxf6 gxf6 14. d5 Bxc3 15. bxc3 Bxd5 16. Qg4+ Kh8 17. Qh4 Qd8 18. Rfd1 Rc8 19. Bxd5 exd5 20. Rd3 Rg8 21. Rad1 Qe7 22. Re3 Qd6 23. Qd4 Rg5 24. f4 Rf5 25. g3 Kg7 26. Kg2 Rc5 27. Rf3 Qc7 28. Qd3 Rh5 29. g4 Rh6 30. h3 Rg6 31. Qd4 h5 32. Rg3 hxg4 33. hxg4 Rc4 34. Qxd5 Rxc3 35. Rxc3 Qxc3 36. Rd3 Qc1 37. Qf3 Rh6 38. Rd1 Qc2+ 0-1

[Event "121st Swiss Championship 2022"]
[Site "Samnaun-Compatsch"]
[Date "2022.07.08"]
[Round "6.7"]
[White "Wyss, Jonas"]
[Black "Manko, Mariya"]
[Result "1/2-1/2"]
[ECO "B51"]
[WhiteElo "2223"]
[BlackElo "2014"]
[Annotator "RC"]
[PlyCount "67"]
[EventDate "2022.06.28"]
[EventType "swiss"]
[EventCountry "SUI"]
[SourceTitle "playchess.com"]
[Source "ChessBase"]
[SourceQuality "1"]
[TimeControl "40/5400+30:1800+30"]

1. e4 c5 2. Nf3 d6 3. Bb5+ Nd7 4. c3 Ngf6 5. Qe2 a6 6. Ba4 g6 7. d4 Qa5 8. Bb3 cxd4 9. Nxd4 Bg7 10. O-O O-O 11. Nd2 e5 12. Nc2 d5 13. exd5 Nxd5 14. Nc4 Qc5 15. Rd1 b5 16. Nd6 N7b6 17. Nxc8 Raxc8 18. Nb4 Nxb4 19. Be3 Qc7 20. cxb4 Qb7 21. Bc5 Rfd8 22. h4 Rd7 23. Bxb6 Rxd1+ 24. Qxd1 Qxb6 25. Bxf7+ Kh8 26. h5 gxh5 27. Bxh5 Qd4 28. Qxd4 exd4 29. a4 d3 30. axb5 axb5 31. Rd1 Rd8 32. Be2 Bxb2 33. Rxd3 Rxd3 34. Bxd3 1/2-1/2

[Event "121st Swiss Championship 2022"]
[Site "Samnaun-Compatsch"]
[Date "2022.07.08"]
[Round "6.8"]
[White "Gemelli, Romain"]
[Black "Hakimifard, Ghazal"]
[Result "0-1"]
[ECO "E15"]
[WhiteElo "2045"]
[BlackElo "2296"]
[Annotator "RC"]
[PlyCount "50"]
[EventDate "2022.06.28"]
[EventType "swiss"]
[EventCountry "SUI"]
[SourceTitle "playchess.com"]
[Source "ChessBase"]
[SourceQuality "1"]
[TimeControl "40/5400+30:1800+30"]

1. d4 Nf6 2. c4 e6 3. Nf3 b6 4. g3 Ba6 5. b3 Bb7 6. Bg2 Bb4+ 7. Bd2 a5 8. O-O O-O 9. a3 Be7 10. Nc3 d5 11. Ne5 Nbd7 12. Bf4 Rc8 13. Qd2 c5 14. Nb5 cxd4 15. Na7 Rc5 16. Qxd4 Nxe5 17. Bxe5 Qa8 18. Nb5 Rd8 19. Rfd1 Ne8 20. Qc3 a4 21. Qe3 axb3 22. Bd4 Rxc4 23. Bxb6 b2 24. Rab1 Qa4 25. Rxb2 Qxd1+ 0-1

[Event "121st Swiss Championship 2022"]
[Site "Samnaun-Compatsch"]
[Date "2022.07.08"]
[Round "6.9"]
[White "Georgescu, Lena"]
[Black "Barth, Can-Elian"]
[Result "1-0"]
[ECO "C17"]
[WhiteElo "2279"]
[BlackElo "2040"]
[Annotator "RC"]
[PlyCount "119"]
[EventDate "2022.06.28"]
[EventType "swiss"]
[EventCountry "SUI"]
[SourceTitle "playchess.com"]
[Source "ChessBase"]
[SourceQuality "1"]
[TimeControl "40/5400+30:1800+30"]

1. e4 e6 2. d4 d5 3. Nc3 Bb4 4. e5 c5 5. Bd2 Ne7 6. a3 Bxc3 7. Bxc3 b6 8. Bb5+ Bd7 9. Bd3 Nbc6 10. Nf3 Qb8 11. O-O cxd4 12. Bb4 Nxb4 13. axb4 Nc6 14. Re1 Nxb4 15. Ra3 Nxd3 16. Rxd3 O-O 17. Nxd4 f6 18. Rde3 Qc8 19. Rc3 Qd8 20. Qh5 fxe5 21. Qxe5 Rc8 22. Nxe6 Bxe6 23. Qxe6+ Kh8 24. Rxc8 Qxc8 25. c3 Qxe6 26. Rxe6 h6 27. Rd6 Rf5 28. Kf1 Rh5 29. h3 Re5 30. f3 Kg8 31. Kf2 Kf8 32. Rd7 d4 33. Rxd4 a5 34. f4 Rb5 35. Rd2 Ke7 36. Ke3 Ke6 37. g4 g6 38. Ke4 a4 39. Kd4 Rd5+ 40. Ke3 Rb5 41. Re2 Rd5 42. Rd2 Rb5 43. Kd3 Ra5 44. Kc4 a3 45. bxa3 Rxa3 46. Rb2 Ra6 47. Rb3 Ra4+ 48. Rb4 Ra6 49. Kb5 Ra3 50. Kc4 Ra6 51. Kd4 Kf6 52. Ke4 Ke6 53. Kd4 Kf6 54. c4 Ke6 55. Rb5 Kf6 56. Kd5 h5 57. Kd4 hxg4 58. hxg4 Ke6 59. g5 Kd6 60. Rxb6+ 1-0

[Event "121st Swiss Championship 2022"]
[Site "Samnaun-Compatsch"]
[Date "2022.07.08"]
[Round "6.10"]
[White "Delmonico, Nils"]
[Black "Sedina, Yelena"]
[Result "0-1"]
[ECO "D34"]
[WhiteElo "1927"]
[BlackElo "2215"]
[Annotator "RC"]
[PlyCount "98"]
[EventDate "2022.06.28"]
[EventType "swiss"]
[EventCountry "SUI"]
[SourceTitle "playchess.com"]
[Source "ChessBase"]
[SourceQuality "1"]
[TimeControl "40/5400+30:1800+30"]

1. d4 d5 2. Nf3 c5 3. c4 e6 4. g3 Nc6 5. cxd5 exd5 6. Bg2 Nf6 7. O-O c4 8. Nc3 Be7 9. Bf4 Be6 10. Ne5 Qb6 11. Nxc6 bxc6 12. e4 dxe4 13. Nxe4 O-O 14. Nxf6+ Bxf6 15. Bd6 Rfd8 16. Bc5 Qb5 17. Re1 Qxb2 18. Re2 Qc3 19. Rc1 Qa5 20. Qd2 Qc7 21. Qe3 Rab8 22. Rec2 Qd7 23. Bf1 Bxd4 24. Bxd4 Qxd4 25. Qxd4 Rxd4 26. Bxc4 Bxc4 27. Rxc4 Rxc4 28. Rxc4 Rc8 29. h4 f6 30. Kf1 Kf7 31. Ra4 Rc7 32. Ke2 Ke6 33. Kd3 Rd7+ 34. Kc3 c5 35. Re4+ Kd5 36. Re8 Kc6 37. Rg8 Kd5 38. Re8 g6 39. Re2 f5 40. Re8 Rb7 41. Re1 a5 42. Re8 a4 43. Ra8 Rb4 44. Ra7 h5 45. f3 Rb1 46. Rg7 Rf1 47. Rxg6 Rxf3+ 48. Kc2 Kc4 49. Kb2 a3+ 0-1

[Event "121st Swiss Championship 2022"]
[Site "Samnaun-Compatsch"]
[Date "2022.07.08"]
[Round "6.11"]
[White "Angst, Oliver"]
[Black "Buehler, Michael"]
[Result "1-0"]
[ECO "D02"]
[WhiteElo "2203"]
[BlackElo "2064"]
[Annotator "RC"]
[PlyCount "81"]
[EventDate "2022.06.28"]
[EventType "swiss"]
[EventCountry "SUI"]
[SourceTitle "playchess.com"]
[Source "ChessBase"]
[SourceQuality "1"]
[TimeControl "40/5400+30:1800+30"]

1. d4 Nf6 2. Bf4 d5 3. e3 e6 4. Nd2 Bd6 5. Ngf3 c5 6. dxc5 Bxc5 7. Bd3 Nc6 8. c4 O-O 9. O-O Re8 10. cxd5 exd5 11. Rc1 Bb6 12. Bg5 h6 13. Bh4 g5 14. Bg3 Ne4 15. Bb1 Bf5 16. Nb3 Rc8 17. Nfd4 Bg6 18. Bxe4 Bxe4 19. Nb5 Re6 20. Nc3 Nb4 21. Nxe4 dxe4 22. Rxc8 Qxc8 23. Nd4 Re7 24. Bd6 Bc5 25. Bxe7 Bxe7 26. Qc1 Qd7 27. Qc4 Nd3 28. Qb5 Qxb5 29. Nxb5 Bc5 30. Nd4 Kg7 31. Rd1 Kg6 32. Rd2 f5 33. Kf1 f4 34. Rc2 Bb6 35. a3 g4 36. b4 h5 37. Rc8 h4 38. Rg8+ Kh5 39. Rh8+ Kg5 40. Ne6+ Kf5 41. Nxf4 1-0

[Event "121st Swiss Championship 2022"]
[Site "Samnaun-Compatsch"]
[Date "2022.07.08"]
[Round "7.1"]
[White "Loeffler, Markus"]
[Black "Baenziger, Fabian"]
[Result "1/2-1/2"]
[ECO "A07"]
[WhiteElo "2278"]
[BlackElo "2451"]
[Annotator "RC"]
[PlyCount "67"]
[EventDate "2022.06.28"]
[EventType "swiss"]
[EventCountry "SUI"]
[SourceTitle "playchess.com"]
[Source "ChessBase"]
[SourceQuality "1"]
[TimeControl "40/5400+30:1800+30"]

1. Nf3 d5 2. g3 Bg4 3. Bg2 Nd7 4. h3 Bh5 5. d4 e6 6. O-O c6 7. c4 Ngf6 8. cxd5 exd5 9. Ne5 Ne4 10. g4 Nxe5 11. dxe5 Bg6 12. Nd2 h5 13. Nxe4 dxe4 14. Qxd8+ Rxd8 15. Be3 hxg4 16. hxg4 Rd5 17. Bxa7 Rxe5 18. f4 exf3 19. exf3 f5 20. Rad1 fxg4 21. fxg4 Re6 22. Rfe1 Bf7 23. Be4 Be7 24. a3 Rh4 25. Bf3 Rxe1+ 26. Rxe1 Kd7 27. Rd1+ Ke8 28. Kg2 Be6 29. Bf2 Rh6 30. b4 Bb3 31. Rd3 Bc2 32. Rd2 Bb3 33. Rd3 Bc2 34. Rd2 1/2-1/2

[Event "121st Swiss Championship 2022"]
[Site "Samnaun-Compatsch"]
[Date "2022.07.08"]
[Round "7.2"]
[White "Gaehwiler, Gabriel"]
[Black "Pavlovic, Milos"]
[Result "1/2-1/2"]
[ECO "E11"]
[WhiteElo "2420"]
[BlackElo "2461"]
[Annotator "RC"]
[PlyCount "59"]
[EventDate "2022.06.28"]
[EventType "swiss"]
[EventCountry "SUI"]
[SourceTitle "playchess.com"]
[Source "ChessBase"]
[SourceQuality "1"]
[TimeControl "40/5400+30:1800+30"]

1. d4 Nf6 2. c4 e6 3. g3 Bb4+ 4. Bd2 Be7 5. Bg2 d5 6. Nf3 O-O 7. O-O c6 8. Qc2 Nbd7 9. Bf4 a5 10. Rd1 Ne4 11. Nc3 g5 12. Bc1 f5 13. Ne1 Nd6 14. b3 Kh8 15. c5 Nf7 16. Bb2 Bf6 17. e3 Bg7 18. Nd3 Qe8 19. Ne2 e5 20. dxe5 Ndxe5 21. Nxe5 Nxe5 22. Bd4 Qe7 23. a3 Bd7 24. b4 Be8 25. Qc3 Bh5 26. Rd2 Nc4 27. Rc2 Bg6 28. Bxg7+ Qxg7 29. Qxg7+ Kxg7 30. Rcc1 1/2-1/2

[Event "121st Swiss Championship 2022"]
[Site "Samnaun-Compatsch"]
[Date "2022.07.08"]
[Round "7.3"]
[White "Gallagher, Joseph G."]
[Black "Gschnitzer, Adrian"]
[Result "1/2-1/2"]
[ECO "B18"]
[WhiteElo "2447"]
[BlackElo "2433"]
[Annotator "RC"]
[PlyCount "31"]
[EventDate "2022.06.28"]
[EventType "swiss"]
[EventCountry "SUI"]
[SourceTitle "playchess.com"]
[Source "ChessBase"]
[SourceQuality "1"]
[TimeControl "40/5400+30:1800+30"]

1. e4 c6 2. d4 d5 3. Nc3 dxe4 4. Nxe4 Bf5 5. Ng3 Bg6 6. Nf3 Nf6 7. Bc4 Nbd7 8. O-O e6 9. Re1 Be7 10. Nh4 O-O 11. Nxg6 hxg6 12. c3 c5 13. Be3 cxd4 14. Bxd4 Qc7 15. Bb3 Bc5 16. Ne4 1/2-1/2

[Event "121st Swiss Championship 2022"]
[Site "Samnaun-Compatsch"]
[Date "2022.07.08"]
[Round "7.4"]
[White "Rohrer, Christophe"]
[Black "Schlegel, Igor"]
[Result "0-1"]
[ECO "B94"]
[WhiteElo "2246"]
[BlackElo "2194"]
[Annotator "RC"]
[PlyCount "80"]
[EventDate "2022.06.28"]
[EventType "swiss"]
[EventCountry "SUI"]
[SourceTitle "playchess.com"]
[Source "ChessBase"]
[SourceQuality "1"]
[TimeControl "40/5400+30:1800+30"]

1. e4 c5 2. Nf3 d6 3. d4 cxd4 4. Nxd4 Nf6 5. Nc3 a6 6. Bg5 Nbd7 7. f4 Qc7 8. Qf3 h6 9. Bxf6 Nxf6 10. f5 Qc5 11. O-O-O g5 12. fxg6 Bg4 13. gxf7+ Kxf7 14. Qd3 Bxd1 15. Nxd1 Bg7 16. g3 Nxe4 17. Qxe4 Bxd4 18. Bh3 Bf6 19. Be6+ Kg7 20. h4 Rhf8 21. Bd5 Qd4 22. Qe6 Qe5 23. Qg4+ Kh8 24. Bc4 Rac8 25. Bd3 Rg8 26. Qh3 Rc5 27. Rg1 Qd4 28. Qf1 Rf8 29. Kb1 Bg7 30. Qg2 Ra5 31. Re1 Re5 32. Rg1 Qb4 33. a3 Qa5 34. c3 Qd5 35. Qc2 Rf3 36. Be2 Rf6 37. g4 Rfe6 38. Bd3 Re1 39. Rg3 Qh1 40. Kc1 Rxd1+ 0-1

[Event "121st Swiss Championship 2022"]
[Site "Samnaun-Compatsch"]
[Date "2022.07.08"]
[Round "7.5"]
[White "Sedina, Yelena"]
[Black "Fecker, Noah"]
[Result "0-1"]
[ECO "B12"]
[WhiteElo "2215"]
[BlackElo "2387"]
[Annotator "RC"]
[PlyCount "90"]
[EventDate "2022.06.28"]
[EventType "swiss"]
[EventCountry "SUI"]
[SourceTitle "playchess.com"]
[Source "ChessBase"]
[SourceQuality "1"]
[TimeControl "40/5400+30:1800+30"]

1. e4 c6 2. d4 d5 3. e5 c5 4. Nf3 cxd4 5. Nxd4 Nc6 6. c4 e6 7. Nc3 Bb4 8. Nxc6 bxc6 9. Qa4 a5 10. cxd5 Qxd5 11. Qxb4 axb4 12. Nxd5 exd5 13. Be3 Ne7 14. Bd3 Ba6 15. Kd2 Kd7 16. Bc5 Bxd3 17. Kxd3 Rhb8 18. a4 bxa3 19. Rxa3 Ng6 20. Bd6 Rxa3+ 21. bxa3 Rb2 22. Bc5 Rb5 23. Rc1 Nf4+ 24. Kd2 Ne6 25. Bd6 c5 26. a4 Ra5 27. g3 Kc6 28. f4 g6 29. Ra1 d4 30. Kc2 Kd5 31. Kb3 h5 32. Rf1 Ra7 33. Ra1 c4+ 34. Kc2 Nc5 35. Bxc5 Kxc5 36. a5 Kb5 37. Rd1 d3+ 38. Kc3 Rxa5 39. Kd4 Ra3 40. h3 Kb4 41. Rb1+ Rb3 42. Rd1 Rb2 43. g4 hxg4 44. hxg4 d2 45. Ra1 c3 0-1

[Event "121st Swiss Championship 2022"]
[Site "Samnaun-Compatsch"]
[Date "2022.07.08"]
[Round "7.6"]
[White "Hakimifard, Ghazal"]
[Black "Kostina, Veronika"]
[Result "1-0"]
[ECO "B30"]
[WhiteElo "2296"]
[BlackElo "1883"]
[Annotator "RC"]
[PlyCount "39"]
[EventDate "2022.06.28"]
[EventType "swiss"]
[EventCountry "SUI"]
[SourceTitle "playchess.com"]
[Source "ChessBase"]
[SourceQuality "1"]
[TimeControl "40/5400+30:1800+30"]

1. e4 c5 2. Nf3 Nc6 3. Bb5 e6 4. O-O Nge7 5. Re1 d6 6. c3 a6 7. Bf1 g6 8. d4 Bg7 9. dxc5 dxc5 10. Qxd8+ Nxd8 11. Be3 b6 12. Nbd2 O-O 13. Nc4 b5 14. Bxc5 Ndc6 15. Nb6 Rb8 16. a4 Rd8 17. axb5 axb5 18. Bxb5 Bb7 19. Red1 Bf8 20. Bd6 1-0

[Event "121st Swiss Championship 2022"]
[Site "Samnaun-Compatsch"]
[Date "2022.07.08"]
[Round "7.7"]
[White "Lou, Vincent"]
[Black "Georgescu, Lena"]
[Result "1/2-1/2"]
[ECO "E39"]
[WhiteElo "2200"]
[BlackElo "2279"]
[Annotator "RC"]
[PlyCount "42"]
[EventDate "2022.06.28"]
[EventType "swiss"]
[EventCountry "SUI"]
[SourceTitle "playchess.com"]
[Source "ChessBase"]
[SourceQuality "1"]
[TimeControl "40/5400+30:1800+30"]

1. d4 Nf6 2. c4 e6 3. Nc3 Bb4 4. Qc2 O-O 5. Nf3 c5 6. dxc5 Na6 7. g3 Nxc5 8. Bg2 b6 9. O-O Bb7 10. a3 Bxc3 11. Qxc3 Rc8 12. b3 d5 13. Nd2 dxc4 14. Bxb7 Nxb7 15. bxc4 Nd6 16. a4 Qc7 17. Bb2 Rfd8 18. Rfc1 a5 19. Rab1 Qc6 20. Ba1 Nf5 21. Nf3 Nd6 1/2-1/2

[Event "121st Swiss Championship 2022"]
[Site "Samnaun-Compatsch"]
[Date "2022.07.08"]
[Round "7.8"]
[White "Pogan, Nikolas"]
[Black "Angst, Oliver"]
[Result "1/2-1/2"]
[ECO "D10"]
[WhiteElo "2226"]
[BlackElo "2203"]
[Annotator "RC"]
[PlyCount "93"]
[EventDate "2022.06.28"]
[EventType "swiss"]
[EventCountry "SUI"]
[SourceTitle "playchess.com"]
[Source "ChessBase"]
[SourceQuality "1"]
[TimeControl "40/5400+30:1800+30"]

1. d4 d5 2. c4 c6 3. cxd5 cxd5 4. Nc3 Nf6 5. Bf4 Nc6 6. e3 Qb6 7. Qb3 Qxb3 8. axb3 Bd7 9. f3 e6 10. Nge2 Bb4 11. g4 O-O 12. Nc1 Rfc8 13. Nd3 Bf8 14. Kd2 Ne8 15. Be2 b6 16. Rhc1 Bd6 17. Bxd6 Nxd6 18. Ne5 Nxe5 19. dxe5 Nb7 20. Ba6 Nc5 21. Ra3 Rd8 22. Rca1 Bc6 23. Ne2 d4 24. Nxd4 Bxf3 25. Ke1 Bxg4 26. b4 Nxa6 27. Rxa6 h5 28. Rxa7 Rxa7 29. Rxa7 Rd5 30. Rb7 Rxe5 31. Kf2 Rd5 32. Rxb6 e5 33. Rb8+ Kh7 34. Rb5 Rxb5 35. Nxb5 Kg6 36. Nd6 Kf6 37. Ne8+ Ke7 38. Nxg7 Kf8 39. h3 Bxh3 40. Nxh5 Ke7 41. Ng3 Bd7 42. Ne4 f5 43. Nc3 Kd6 44. Kg3 Kc6 45. Kf3 Kb6 46. Ke2 Bb5+ 47. Kf2 1/2-1/2

[Event "121st Swiss Championship 2022"]
[Site "Samnaun-Compatsch"]
[Date "2022.07.08"]
[Round "7.9"]
[White "Collin, Moritz Valentin"]
[Black "Wyss, Jonas"]
[Result "1/2-1/2"]
[ECO "E60"]
[WhiteElo "2129"]
[BlackElo "2223"]
[Annotator "ChessBase"]
[PlyCount "92"]
[EventDate "2022.06.28"]
[EventType "swiss"]
[EventCountry "SUI"]
[SourceTitle "playchess.com"]
[Source "ChessBase"]
[SourceQuality "1"]
[TimeControl "40/5400+30:1800+30"]

1. d4 Nf6 2. c4 g6 3. h4 c5 4. d5 e6 5. e4 exd5 6. e5 Qe7 7. Qe2 Nh5 8. Nc3 Na6 9. Bg5 Qe6 10. cxd5 Qb6 11. d6 h6 12. Nd5 Qc6 13. Qd2 hxg5 14. Bxa6 bxa6 15. Nc7+ Kd8 16. Qa5 Qb6 17. Qxb6 axb6 18. Nxa8 Bb7 19. Nxb6 Nf4 20. f3 Nxg2+ 21. Kf2 Nf4 22. Nh3 Nd3+ 23. Ke2 Nxe5 24. Nxg5 f6 25. Nc4 Bxf3+ 26. Kf2 Bxh1 27. Nxe5 Rxh4 28. Nxg6 Rh2+ 29. Kg1 Rg2+ 30. Kxh1 Rxg5 31. Nxf8 Ke8 32. Nxd7 Kxd7 33. Rd1 Re5 34. a3 Re2 35. Rd5 Rxb2 36. Rxc5 Kxd6 37. Rf5 Ke6 38. Ra5 Rb6 39. Kg2 Kd7 40. Kf3 Re6 41. Kf4 Kc7 42. Kf5 Rd6 43. Kg6 Kd7 44. Kf7 Rb6 45. Rf5 Rb3 46. Ra5 Rb6 1/2-1/2

[Event "121st Swiss Championship 2022"]
[Site "Samnaun-Compatsch"]
[Date "2022.07.08"]
[Round "7.10"]
[White "Manko, Mariya"]
[Black "Curien, Nicolas"]
[Result "0-1"]
[ECO "D23"]
[WhiteElo "2014"]
[BlackElo "2198"]
[Annotator "RC"]
[PlyCount "90"]
[EventDate "2022.06.28"]
[EventType "swiss"]
[EventCountry "SUI"]
[SourceTitle "playchess.com"]
[Source "ChessBase"]
[SourceQuality "1"]
[TimeControl "40/5400+30:1800+30"]

1. d4 d5 2. Nf3 Nf6 3. c4 c6 4. Qc2 dxc4 5. Qxc4 Bf5 6. g3 e6 7. Bg2 Be7 8. O-O O-O 9. Nc3 Nbd7 10. Re1 Ne4 11. Qb3 Qb6 12. Qxb6 axb6 13. Ne5 Nxe5 14. Nxe4 Nc4 15. Nc3 Bb4 16. e4 Bg6 17. Rd1 Rfd8 18. a3 Nxa3 19. Rxa3 Rxa3 20. bxa3 Bxc3 21. Be3 e5 22. d5 c5 23. f4 f6 24. fxe5 Bxe5 25. Bf4 Be8 26. Bxe5 fxe5 27. Rc1 Ra8 28. Rc3 Bd7 29. Bf1 Ba4 30. Rf3 Rf8 31. Rc3 Rf6 32. Bh3 Kf8 33. Bc8 Ke7 34. Bxb7 Kd6 35. Bc8 b5 36. Kg2 Bd1 37. Ba6 Ba4 38. Bb7 c4 39. Rf3 Bc2 40. Rxf6+ gxf6 41. Kf3 c3 42. Ba6 Bxe4+ 43. Ke3 Kc5 44. d6 Bf5 45. Ke2 Kb6 0-1